 Dungeon Crawl Stone Soup version 0.30.1-11-g7821555f0a (webtiles) character file.

Game seed: 4155656211857851144

1816 Djon the Carver (level 8, 0/73 HPs)
             Began as a Minotaur Berserker on Jan 9, 2024.
             Was a Priest of Trog.
             Slain by Maggie
             ... wielding a +0 glaive
              (6 damage)
             ... on level 6 of the Dungeon.
             The game lasted 00:06:16 (4353 turns).

Djon the Carver (Minotaur Berserker)                Turns: 4353, Time: 00:06:16

Health: 0/73       AC: 17    Str: 26    XL:     8   Next: 85%
Magic:  7/7        EV:  9    Int:  3    God:    Trog [***...]
Gold:   251        SH:  0    Dex: 11    Spells: 7/7 levels left

rFire   . . .        a - +0 falchion
rCold   . . .        (no shield)
rNeg    + . .        d - +0 plate armour
rPois   .            (helmet restricted)
rElec   .            (no cloak)
rCorr   .            k - +0 pair of gloves
SInv    .            l - +0 pair of boots
Will    .....        (no amulet) Stlth
                     r - ring of positive energy
HPRegen 0.32/turn    (no ring)
MPRegen 0.10/turn

%: no passive effects
@: on berserk cooldown, mesmerised, hasted and slowed
A: horns 2, retaliatory headbutt, iridescent scales 1, strong 1
a: Renounce Religion, Berserk, Trog's Hand


You were on level 6 of the Dungeon.
You worshipped Trog.
Trog was most pleased with you.
You visited 1 branch of the dungeon, and saw 6 of its levels.

You collected 367 gold pieces.
You spent 116 gold pieces at shops.

Inventory:

Hand Weapons
 a - a +0 falchion (weapon)
Armour
 d - a +0 plate armour (worn)
 k - a +0 pair of gloves (worn)
 l - a +0 pair of boots (worn)
Jewellery
 r - a ring of positive energy (left hand)
Wands
 q - a wand of flame (12)
 v - a wand of roots (2)
Scrolls
 b - a scroll of immolation
 e - a scroll of vulnerability {unknown}
 g - a scroll of teleportation
 h - 2 scrolls of amnesia
 i - a scroll of fear
 j - 3 scrolls of fog
 n - a scroll of blinking
Potions
 c - a potion of lignification {unknown}
 f - 3 potions of haste
 m - a potion of ambrosia {unknown}
 o - a potion of attraction {unknown}
 p - a potion of brilliance {unknown}
 s - a potion of mutation
 t - a potion of resistance {unknown}
 u - 2 potions of berserk rage {unknown}


   Skills:
 + Level 7.1 Fighting
 * Level 9.4 Long Blades
 + Level 6.5 Armour
 + Level 6.0 Dodging


You had 7 spell levels left.
You didn't know any spells.
Your spell library was empty.

Dungeon Overview and Level Annotations

Branches:
Dungeon (6/15)             Temple (0/1) D:4

Altars:
Elyvilon
Fedhas
Qazlal
Trog

Shops:
D:2 [

Annotations:
D:6 Maggie


Innate Abilities, Weirdness & Mutations

You have a pair of horns on your head.
You reflexively headbutt those who attack you in melee.
You are partially covered in iridescent scales. (AC +2)
Your muscles are strong. (Str +4, Int/Dex -1)


Message History

You hit Maggie. Your headbutt misses Maggie.
Maggie is heavily wounded.
The adder bites you. Maggie hits you with a +0 glaive.
The gnoll hits you but does no damage.
You hit Maggie but do no damage. Your headbutt misses Maggie.
You punch Maggie, but do no damage.
Maggie is heavily wounded.
The adder bites you but does no damage.
You barely miss Maggie. You headbutt Maggie!
Maggie is heavily wounded.
The adder bites you but does no damage. Maggie gestures at you while chanting.
The bolt of fire hits you!!
* * * LOW HITPOINT WARNING * * *
The gnoll hits you but does no damage. The adder barely misses you.
You furiously retaliate!
You headbutt the adder!
You kill the adder!
Trog accepts your kill.
You barely miss Maggie.
Maggie is heavily wounded.
The gnoll hits you but does no damage. Maggie hits you but does no damage.
You hit Maggie. Your headbutt misses Maggie.
Maggie is heavily wounded.
Maggie mumbles some strange words.
Maggie attempts to bespell you!
You are mesmerised by Maggie!
The gnoll hits you but does no damage.
You barely miss Maggie.
Maggie is heavily wounded.
Maggie hits you with a +0 glaive!
* * * LOW HITPOINT WARNING * * *
The gnoll barely misses you. You furiously retaliate!
You headbutt the gnoll!
You kill the gnoll!
Trog accepts your kill.
Your Dodging skill increases to level 6!
It was a potion of mutation.
You feel extremely strange.
You feel stronger.
Iridescent scales grow over part of your body.
Maggie hits you with a +0 glaive.
You die...

..#.# ................
[...# ##K#.#.#.#.#.#.#
..#.# #...............
#.#.###
##.#.#.#.#.#.#.#.#
#.#..(#
#..<..............
#.###.# ##.#.#.#.#.#.#.#.
#.# #.#
#................. #.#
#.#######)#@#)#.#.#.#.#.#
..#
#.).....)).)@..........
###
#######################


You could see Maggie (mesmerising).

Vanquished Creatures
  A wyvern (D:4)
  Edmund (D:6)
  Duvessa (D:6)
  A sky beast (D:6)
  An ice beast (D:5)
  A black bear (D:5)
  An ogre (D:4)
  3 phantoms
  A kobold brigand (D:6)
  Blork the orc (D:4)
  Dowan (D:6)
  3 killer bees (D:6)
  A howler monkey (D:6)
  2 hounds
  A jelly (D:3)
  2 gnoll boudas
  2 sleepcaps (D:6)
  2 iguanas
  2 orc wizards (D:5)
  9 gnolls
  5 adders
  A shadow imp (D:5)
  A white imp (D:6)
  An ufetubus (D:6)
  7 orcs
  6 ball pythons
  2 bats (D:3)
  5 endoplasms
  3 giant cockroaches
  3 goblins
  6 hobgoblins
  8 jackals
  12 kobolds
  2 quokkas
  6 frilled lizards
  5 rats
110 creatures vanquished.

Notes
Turn   | Place    | Note
-------+----------+-------------------------------------------
     0 | D:1      | Djon the Minotaur Berserker began the quest for the Orb.
     0 | D:1      | Reached XP level 1. HP: 19/19 MP: 0/0
   280 | D:1      | Reached XP level 2. HP: 19/27 MP: 1/1
   376 | D:1      | Reached skill level 4 in Long Blades
   505 | D:2      | Found a bloodstained altar of Trog.
   749 | D:2      | Reached XP level 3. HP: 33/33 MP: 2/2
   936 | D:2      | Found Joji's Armour Shoppe.
   940 | D:2      | Bought a +0 pair of gloves for 58 gold pieces
   940 | D:2      | Bought a +0 pair of boots for 58 gold pieces
  1086 | D:3      | Noticed a water elemental
  1118 | D:3      | Reached ** piety under Trog
  1119 | D:3      | Reached XP level 4. HP: 28/40 MP: 3/3
  1469 | D:3      | Found a stormy altar of Qazlal.
  1471 | D:3      | Noticed an air elemental
  1472 | D:3      | Noticed a fire elemental
  1472 | D:3      | Noticed an earth elemental
  2042 | D:4      | Noticed an ogre
  2043 | D:4      | Noticed Blork the orc
  2051 | D:4      | Killed an ogre
  2052 | D:4      | Reached skill level 5 in Long Blades
  2052 | D:4      | Reached XP level 5. HP: 47/47 MP: 4/4
  2054 | D:4      | Killed Blork the orc
  2106 | D:4      | Noticed a wyvern
  2115 | D:4      | Killed a wyvern
  2116 | D:4      | Reached skill level 5 in Fighting
  2116 | D:4      | Reached skill level 6 in Long Blades
  2116 | D:4      | Reached XP level 6. HP: 31/56 MP: 5/5
  2449 | D:4      | Reached XP level 7. HP: 56/61 MP: 6/6
  3029 | D:4      | Found a staircase to the Ecumenical Temple.
  3136 | D:5      | Entered Level 5 of the Dungeon
  3161 | D:5      | Reached skill level 7 in Long Blades
  3224 | D:5      | Reached skill level 5 in Armour
  3244 | D:5      | Found a blossoming altar of Fedhas.
  3423 | D:5      | Found a bloodstained altar of Trog.
  3712 | D:6      | Reached XP level 8. HP: 70/70 MP: 7/7
  3753 | D:6      | Reached *** piety under Trog
  3827 | D:6      | Noticed Duvessa
  3828 | D:6      | Noticed Dowan
  3833 | D:6      | Killed Duvessa
  3834 | D:6      | Reached skill level 8 in Long Blades
  3834 | D:6      | Reached skill level 5 in Dodging
  3838 | D:6      | Killed Dowan
  3905 | D:6      | Noticed Edmund
  3918 | D:6      | Killed Edmund
  4041 | D:6      | Found a white marble altar of Elyvilon.
  4136 | D:6      | Noticed Maggie
  4142 | D:6      | Reached skill level 9 in Long Blades
  4353 | D:6      | Gained mutation: Your muscles are strong. (Str +4, Int/Dex
                  | -1) [potion of mutation]
  4353 | D:6      | Gained mutation: You are partially covered in iridescent
                  | scales. (AC +2) [potion of mutation]
  4353 | D:6      | Slain by Maggie

Illustrated notes

Levels and vault maps discovered:
D:1:      ldierk_walled_garden_2, layout_rooms
D:2:      layout_basic, serial_shops, nicolae_shop_back_alley_shop, basic_altar,
          hex_large
D:3:      layout_basic, nicolae_qazlal_style_of_elements, st_stairs_11,
          minmay_liquid_box, minmay_strange_pillars
D:4:      layout_basic, lemuel_temple_firewalk_b, uniq_blork_the_orc
D:5:      layout_basic, mainiacjoe_overflow_cross_hatched, fedhas_altar_1
D:6:      layout_loops_ring, nicolae_elyvilon_temple_path,
          nicolae_ossuary_entry_giza, serial_bayou_pond_a, st_stairs_11,
          uniq_duvessa, uniq_edmund, uniq_maggie, uniq_grinder

Skill      XL: |  1  2  3  4  5  6  7  8 |
---------------+-------------------------+-----
Long Blades    | 4 5 6 7 9 |  9.4
Fighting       | 4 5 6 7 |  7.1
Armour         | 3 4 5 6 |  6.5
Dodging        | 3 4 6 |  6.0

Action                     |  1- 3 |  4- 6 |  7- 9 || total
---------------------------+-------+-------+-------++-------
  Melee: Falchion          |    58 |    81 |   160 ||   299
         Headbutt          |    10 |    15 |    36 ||    61
         Punch             |       |     1 |     4 ||     5
 Invoke: Berserk           |       |     2 |     7 ||     9
         Trog's Hand       |       |       |     1 ||     1
    Use: Scroll            |       |       |     8 ||     8
         Potion            |       |       |     2 ||     2
 Armour: Animal skin       |     1 |       |       ||     1
         Plate armour      |    39 |    48 |   176 ||   263
  Dodge: Dodged            |    29 |    41 |    89 ||   159
